 Dungeon Crawl Stone Soup version 0.15-a0-1004-gbf4e2e6 (webtiles) character file.

2 Bloax the Insei (level 1, -13/9 HPs)
             Began as a Vine Stalker Transmuter on May 25, 2014.
             Mangled by Crazy Yiuf
             ... wielding a +4,+2 quarterstaff of chaos
              (16 damage)
             ... on Level 2 of the Dungeon.
             The game lasted 00:00:46 (153 turns).

Bloax the Insei (Vine Stalker Transmuter)            Turns: 153, Time: 00:00:46

HP -13/9         AC  2     Str 12      XL: 1   Next: 40%
MP   0/3         EV 12     Int 13      God:
Gold 0           SH  0     Dex 14      Spells:  1 memorised,  3 levels left

rFire  . . .     SeeInvis .       - Unarmed
rCold  . . .     Clarity  .     c - +0 robe
rNeg   . . .     Conserve .     (no shield)
rPois  .         rCorr    .     (no helmet)
rElec  .         rRot     +     (no cloak)
SustAb .         Spirit   +     (no gloves)
rMut   .         Warding  .     (no boots)
Gourm  .         Stasis   .     (no amulet)
MR     .....                    (no ring)
                                (no ring)

@: not resistant to hostile enchantments, very unstealthy
A: fangs 2, regeneration 1, magic shield, antimagic bite, no device heal 3, rot
immunity
a: no special abilities


You were on level 2 of the Dungeon.
You were not hungry.

You visited 1 branch of the dungeon, and saw 2 of its levels.


Innate Abilities, Weirdness & Mutations

You have extremely sharp teeth.
Your natural rate of healing is unusually fast.
When hurt, damage is shared between your health and your magic reserves.
Your bite disrupts and absorbs the magic of your enemies.
Potions and wands cannot restore your health.
You are immune to rotting.


   Skills:
 - Level 0.8 Fighting
 - Level 1.5 Dodging
 + Level 3.1 Unarmed Combat
 + Level 2.2 Spellcasting
 - Level 2.0 Transmutations


You had 3 spell levels left.
You knew the following spells:

 Your Spells              Type           Power        Failure   Level  Hunger
a - Beastly Appendage     Trmt           #.....       12%         1    ##.....


Dungeon Overview and Level Annotations

Branches:
Dungeon (2/15)

Altars:

Annotations:
D:2 Crazy Yiuf

Inventory:

Missiles
 b - 12 arrows
 e - 27 darts (quivered)
Armour
 c - a +0 robe (worn)
Comestibles
 a - a bread ration
Books
 d - a book of Changes

   Spells                             Type                      Level
   *Beastly Appendage                 Transmutation                1
   Sticks to Snakes                   Transmutation                2
   Spider Form                        Transmutation/Poison         3
   Ice Form                           Ice/Transmutation            4
   Blade Hands                        Transmutation                5

#####
##...#####
##........#
#....####.#
#....#
#.########
7P.7P7
#.........


7@PP77 ########## 77g77 7.77 77.7 7.77 77.7 #.# #...# #...# You could see Crazy
Yiuf.


Message History

You hit the fungus. You punch the fungus, but do no damage.
The fungus is almost destroyed.
You hit the fungus. You bite the fungus. You drain its power.
The fungus is almost destroyed.
You hit the fungus but do no damage.
The fungus is almost destroyed.
You hit the fungus but do no damage.
The fungus is almost destroyed.
You hit the fungus.
The fungus is almost destroyed.
You hit the fungus.
You destroy the fungus!
You aren't carrying any potions.
Read which item? (? for menu, Esc to quit)
Okay, then.
Found a hammer.
Crazy Yiuf comes into view.
He is wielding a quarterstaff of chaos.
Casting: Beastly Appendage You grow a pair of large bovine horns.
Crazy Yiuf shouts!
Crazy Yiuf moves out of view.
Your transformation is almost over.
Crazy Yiuf zaps a wand.
You are confused.
Unknown command.
Crazy Yiuf barely misses you.
Unknown command.
Ouch! Crazy Yiuf zaps a wand.
You resist.
Ouch! Crazy Yiuf zaps a wand.
You resist.
Unknown command.
You closely miss Crazy Yiuf. Crazy Yiuf completely misses you.
Unknown command.
Crazy Yiuf closely misses you.
Unknown command.
Unknown command.
Crazy Yiuf closely misses you.
Unknown command.
You hit Crazy Yiuf but do no damage.
Crazy Yiuf zaps a wand.
You are more confused.
Unknown command.
Unknown command.
You hit Crazy Yiuf. You headbutt Crazy Yiuf.
You bite Crazy Yiuf, but do no damage.
Crazy Yiuf is moderately wounded.
Crazy Yiuf closely misses you.
Unknown command.
Your horns disappear.
Unknown command.
Ouch! Crazy Yiuf closely misses you.
Unknown command.
Unknown command.
Unknown command.
Unknown command.
You feel less confused.
Unknown command.
You hit Crazy Yiuf.
Crazy Yiuf is heavily wounded.
Crazy Yiuf zaps a wand.
You are confused.
Unknown command.
Unknown command.
Crazy Yiuf zaps a wand.
You resist.
Ouch! You feel less confused.
Crazy Yiuf hits you with a quarterstaff of chaos!
Ouch! That really hurt!
* * * LOW HITPOINT WARNING * * *
You are electrocuted!
Ouch! That really hurt!
You die...

Action                   || total
-------------------------++-------
Melee: Unarmed           ||    34
 Cast: Beastly Appendage ||     1

Vault maps used:
D:1:      zelgadis_glass_arrival_small
D:2:      roderic_roman_lattice, supply_closet_lemuel, uniq_crazy_yiuf_cottage

Notes
Turn   | Place    | Note
--------------------------------------------------------------
     0 | D:1      | Bloax, the Vine Stalker Transmuter, began the quest for the Orb.
     0 | D:1      | Reached XP level 1. HP: 9/9 MP: 3/3
   130 | D:2      | Noticed Crazy Yiuf
   153 | D:2      | Mangled by Crazy Yiuf

Vanquished Creatures
  A hobgoblin (D:1)
  2 rats (D:1)
  A fungus (D:2)
4 creatures vanquished.
